 Dungeon Sprint DCSS version 0.30-a0-1160-g6e42c06551 (webtiles) character file.

Game seed: 4763573638105043076

4200000 123456 the Conqueror (level 22, -25/275 HPs)
             Began as an Ogre Fighter on Apr 26, 2023.
             Was the Champion of Makhleb.
             Annihilated by a bag of meat
             ... wielding a +9 war axe
              (41 damage)
             ... in the Dungeon (Sprint VIII: "Arena of Blood").
             The game lasted 00:01:21 (42 turns).

123456 the Conqueror (Ogre Fighter)                   Turns: 42, Time: 00:01:22

Health: -25/275    AC:  4    Str: 26    XL:     22   Next: 42%
Magic:  21/40      EV: 25    Int:  9    God:    Makhleb [******]
Gold:   0          SH:  0    Dex: 16    Spells: 49/49 levels left

rFire   . . .        j - +∞ Axe of Woe
rCold   . . .        (shield currently unavailable)
rNeg    . . .        a - +0 robe
rPois   .            (helmet restricted)
rElec   .            (no cloak)
rCorr   .            (gloves unavailable)
SInv    .            (boots unavailable)
Will    ++...        (no amulet)
Stlth   +++++        (no ring)
HPRegen 0.65/turn    (no ring)
MPRegen 0.27/turn

%: no teleportation
@: no status effects
A: large, unfitting armour, tough skin 1
a: Renounce Religion, Minor Destruction, Lesser Servant of Makhleb, Major
Destruction, Greater Servant of Makhleb


You were in the Dungeon.
You worshipped Makhleb.
Makhleb was exalted by your worship.
You visited 1 branch

Inventory:

Hand Weapons
 j - the +∞ Axe of Woe (weapon)
   (You found it in the Dungeon)
Armour
 a - a +0 robe (worn)
 b - a +0 kite shield
Scrolls
 i - a scroll of blinking
Potions
 c - a potion of might
 d - a potion of curing
 e - a potion of heal wounds
 f - a potion of haste
 g - 2 potions of magic
 h - a potion of berserk rage


   Skills:
 O Level 27 Fighting
 + Level 12.1(14.2) Short Blades
 + Level 12.1(14.2) Long Blades
 O Level 27 Axes
 + Level 12.1(21.2) Maces & Flails
 + Level 13.1(22.9) Polearms
 + Level 13.2(17.3) Staves
 + Level 10.2 Ranged Weapons
 + Level 13.2 Throwing
 + Level 11.1 Armour
 O Level 27 Dodging
 + Level 11.1 Stealth
 O Level 27 Shields
 O Level 27 Unarmed Combat
 + Level 14.2 Spellcasting
 + Level 12.1 Conjurations
 + Level 13.5 Hexes
 + Level 12.1 Summonings
 + Level 12.1 Necromancy
 + Level 12.1 Translocations
 + Level 12.1 Transmutations
 + Level 13.4 Fire Magic
 + Level 13.5 Ice Magic
 + Level 13.5 Air Magic
 + Level 13.5 Earth Magic
 + Level 13.5 Poison Magic
 + Level 15.8 Invocations
 + Level 12.4 Evocations


You had 49 spell levels left.
You didn't know any spells.
Your spell library was empty.

Dungeon Overview and Level Annotations

Branches:
Dungeon (1/1)

Altars:
Makhleb


Innate Abilities, Weirdness & Mutations

You are too large for most types of armour.
You have tough skin. (AC +1)


Message History

A sculptor of flesh comes into view. It is wielding a +9 great sword.
You hear a shout!
Unknown command.
Unknown command.
Unknown command.
You slash the meat berserker!
You hew the meat berserker savagely.
You kill the meat berserker!
Makhleb accepts your kill.
You are engulfed in blazing flames.
* * * LOW HITPOINT WARNING * * *
You hear a shout! x4
The bag of meat is engulfed in blazing flames.
Unknown command.
Unknown command.
Unknown command.
You slice the bag of meat!!
You hew the bag of meat savagely.
You kill the bag of meat!
Makhleb accepts your kill.
You feel better.
You are engulfed in blazing flames.
You hear a shout!
The eight-headed meat hydra calls on the powers of darkness!
The eight-headed meat hydra convulses!
The bag of meat convulses! x3
The large bag of meat convulses!
Flame seeps out of the large bag of meat.
Your body is wracked with pain!
* * * LOW HITPOINT WARNING * * *
The bag of meat convulses! x2
You hear a shout!
The bag of meat is engulfed in blazing flames.
The large bag of meat is engulfed in blazing flames.
The large bag of meat explodes!
The fiery explosion engulfs the bag of meat!!
The bag of meat dies!
The fiery explosion engulfs the eight-headed meat hydra!!!
The eight-headed meat hydra dies!
You are engulfed in blazing flames.
* * * LOW HITPOINT WARNING * * *
You hear a shout! x4
The bag of meat hits you with a +9 war axe!!!
You die...

......#_.<._#....
......#..O).#....
#.......)_)......
......)§###......
...###)o)....###..
#)§☼....# ...
..§#§))§§§.#....
....○).)§oo......
...§§§o)V@V.z...#
...........z...#.
.............##..
...#........#..
............#...#
..##.#....... ..
............ .
....#.....###


You could see 2 destroyers, 2 sculptors of flesh and 4 bags of meat.

Vanquished Creatures
  5 vampire knights (D)
  9 ogres (D)
  2 two-headed ogres (D)
  35 orcs (D)
  A skeletal warrior (D)
52 creatures vanquished.

Vanquished Creatures (others)
  A two-headed ogre (D)
  A hydra (D)
  An orc (D)
3 creatures vanquished.

Grand Total: 55 creatures vanquished

Notes
Turn   | Place    | Note
-------+----------+-------------------------------------------
     0 | D        | Found the +∞ Axe of Woe
     0 | D        | 123456 the Ogre Fighter began the quest for the Orb.
     0 | D        | Reached XP level 1. HP: 24/24 MP: 1/1
     1 | D        | Noticed a bag of meat
     2 | D        | Noticed a bag of meat
     3 | D        | Noticed a bag of meat
     7 | D        | Noticed a meat berserker
     9 | D        | Killed a bag of meat
     9 | D        | Noticed a bag of meat
     9 | D        | Noticed a meat berserker
    10 | D        | Reached XP level 2. HP: 63/63 MP: 2/2
    10 | D        | Reached XP level 3. HP: 72/72 MP: 3/3
    10 | D        | Reached XP level 4. HP: 81/81 MP: 4/4
    10 | D        | Reached XP level 5. HP: 89/89 MP: 5/5
    10 | D        | Reached XP level 6. HP: 100/100 MP: 6/6
    10 | D        | Reached XP level 7. HP: 107/107 MP: 7/7
    10 | D        | Reached XP level 8. HP: 117/117 MP: 8/8
    10 | D        | Reached XP level 9. HP: 126/126 MP: 9/9
    10 | D        | Reached XP level 10. HP: 135/135 MP: 10/10
    10 | D        | Reached XP level 11. HP: 143/143 MP: 11/11
    10 | D        | Noticed a meat berserker
    10 | D        | Became a worshipper of Makhleb the Destroyer
    11 | D        | Killed a bag of meat
    11 | D        | Killed a meat berserker
    11 | D        | Reached * piety under Makhleb
    11 | D        | Killed a meat berserker
    11 | D        | Killed a bag of meat
    12 | D        | Reached skill level 27 in Fighting
    12 | D        | Reached skill level 10 in Axes
    12 | D        | Reached skill level 10 in Unarmed Combat
    12 | D        | Reached XP level 12. HP: 113/179 MP: 12/12
    12 | D        | Reached XP level 13. HP: 119/188 MP: 13/13
    12 | D        | Reached XP level 14. HP: 126/198 MP: 14/14
    12 | D        | Killed a meat berserker
    12 | D        | Reached ** piety under Makhleb
    13 | D        | Reached XP level 15. HP: 131/206 MP: 15/15
    15 | D        | Noticed a meat berserker
    15 | D        | Noticed a meat berserker
    16 | D        | Noticed a meat berserker
    17 | D        | Reached *** piety under Makhleb
    18 | D        | Reached XP level 16. HP: 217/217 MP: 16/16
    18 | D        | Reached **** piety under Makhleb
    18 | D        | Killed a meat berserker
    18 | D        | Reached ***** piety under Makhleb
    18 | D        | Noticed a meat berserker
    19 | D        | Reached skill level 27 in Shields
    19 | D        | Reached skill level 15 in Unarmed Combat
    19 | D        | Reached XP level 17. HP: 226/226 MP: 17/17
    20 | D        | Reached skill level 27 in Dodging
    20 | D        | Killed a meat berserker
    20 | D        | Noticed a large bag of meat
    20 | D        | Noticed a destroyer
    21 | D        | Reached skill level 27 in Axes
    21 | D        | Killed a meat berserker
    21 | D        | Reached ****** piety under Makhleb
    22 | D        | Reached skill level 27 in Unarmed Combat
    22 | D        | Reached XP level 18. HP: 236/236 MP: 18/18
    23 | D        | Killed a destroyer
    24 | D        | Reached skill level 5 in Spellcasting
    24 | D        | Reached skill level 5 in Invocations
    24 | D        | Reached XP level 19. HP: 245/245 MP: 18/26
    25 | D        | Noticed a large bag of meat
    25 | D        | Killed a meat berserker
    26 | D        | Reached skill level 5 in Short Blades
    26 | D        | Reached skill level 5 in Long Blades
    26 | D        | Reached skill level 5 in Maces & Flails
    26 | D        | Reached skill level 5 in Armour
    26 | D        | Reached skill level 5 in Stealth
    26 | D        | Reached skill level 5 in Conjurations
    26 | D        | Reached skill level 5 in Summonings
    26 | D        | Reached skill level 5 in Necromancy
    26 | D        | Reached skill level 5 in Translocations
    26 | D        | Reached skill level 5 in Transmutations
    27 | D        | Reached skill level 5 in Ranged Weapons
    28 | D        | Noticed an eight-headed meat hydra
    28 | D        | Killed a large bag of meat
    28 | D        | Noticed a large bag of meat
    29 | D        | Reached skill level 10 in Invocations
    29 | D        | Reached XP level 20. HP: 207/256 MP: 18/32
    29 | D        | Noticed a destroyer
    29 | D        | Noticed a meat berserker
    31 | D        | Noticed a destroyer
    31 | D        | Noticed a destroyer
    32 | D        | Noticed a meat berserker
    33 | D        | Reached skill level 10 in Spellcasting
    34 | D        | Reached skill level 10 in Hexes
    34 | D        | Reached skill level 10 in Fire Magic
    34 | D        | Reached skill level 10 in Ice Magic
    34 | D        | Reached skill level 10 in Air Magic
    34 | D        | Reached skill level 10 in Earth Magic
    34 | D        | Reached skill level 10 in Poison Magic
    34 | D        | Noticed a destroyer
    34 | D        | Noticed a destroyer
    35 | D        | Reached skill level 10 in Polearms
    35 | D        | Reached skill level 10 in Staves
    35 | D        | Reached skill level 10 in Throwing
    35 | D        | Noticed a destroyer
    36 | D        | Killed a large bag of meat
    36 | D        | Killed a meat berserker
    36 | D        | Killed a destroyer
    37 | D        | Reached skill level 10 in Short Blades
    37 | D        | Reached skill level 10 in Long Blades
    37 | D        | Reached skill level 10 in Maces & Flails
    37 | D        | Reached skill level 10 in Conjurations
    37 | D        | Reached skill level 10 in Summonings
    37 | D        | Reached skill level 10 in Necromancy
    37 | D        | Reached skill level 10 in Translocations
    37 | D        | Reached skill level 10 in Transmutations
    37 | D        | Reached skill level 10 in Evocations
    37 | D        | Reached XP level 21. HP: 219/265 MP: 20/37
    37 | D        | Killed a destroyer
    37 | D        | Killed a destroyer
    38 | D        | Reached skill level 10 in Armour
    38 | D        | Reached skill level 10 in Stealth
    38 | D        | Reached skill level 15 in Invocations
    38 | D        | Reached XP level 22. HP: 135/275 MP: 20/39
    38 | D        | Killed a destroyer
    39 | D        | Reached skill level 10 in Ranged Weapons
    41 | D        | Killed a large bag of meat
    42 | D        | Annihilated by a bag of meat

Illustrated notes

Levels and vault maps discovered:
D:        meatsprint

Skill      XL: |  1  2  3  4  5  6  7  8  9 10 11 12 13 14 15 16 17 18 19 20 21 22 |
---------------+-------------------------------------------------------------------+-----
Fighting       | 18 27 | 27.0
Axes           | 3 10 12 17 21 27 | 27.0
Dodging        | 13 19 21 24 26 27 | 27.0
Shields        | 14 20 22 25 27 | 27.0
Unarmed Combat | 6 10 11 13 15 27 | 27.0
Short Blades   | 4 7 10 11 12 | 12.1
Long Blades    | 4 7 10 11 12 | 12.1
Maces & Flails | 4 7 10 11 12 | 12.1
Polearms       | 4 8 11 12 13 | 13.1
Staves         | 4 8 11 12 13 | 13.2
Ranged Weapons | 3 6 8 9 10 | 10.2
Throwing       | 4 8 11 12 13 | 13.2
Armour         | 3 6 9 10 11 | 11.1
Stealth        | 3 6 9 10 11 | 11.1
Spellcasting   | 5 8 12 13 14 | 14.2
Conjurations   | 4 7 10 11 12 | 12.1
Hexes          | 4 8 11 12 13 | 13.5
Summonings     | 4 7 10 11 12 | 12.1
Necromancy     | 4 7 10 11 12 | 12.1
Translocations | 4 7 10 11 12 | 12.1
Transmutations | 4 7 10 11 12 | 12.1
Fire Magic     | 4 8 11 12 13 | 13.4
Ice Magic      | 4 8 11 12 13 | 13.5
Air Magic      | 4 8 11 12 13 | 13.5
Earth Magic    | 4 8 11 12 13 | 13.5
Poison Magic   | 4 8 11 12 13 | 13.5
Invocations    | 5 10 13 15 | 15.8
Evocations     | 4 7 10 11 12 | 12.4

Action                     |  1- 3 |  4- 6 |  7- 9 | 10-12 | 13-15 | 16-18 | 19-21 | 22-24 || total
---------------------------+-------+-------+-------+-------+-------+-------+-------+-------++-------
  Melee: Executioner's axe |     1 |       |       |     1 |     3 |     6 |    11 |     4 ||    26
  Dodge: Dodged            |     1 |       |       |       |       |       |       |       ||     1

Table legend: (Time is in decaauts)
 A = Elapsed time spent in this place.
 B = Non-inter-level travel time spent in this place.
 C = Inter-level travel time spent in this place.
 D = Time resting spent in this place.
 E = Time spent auto-exploring this place.
 F = Levels seen in this place.
 G = Mean time per level.
                   A        B        C        D        E       F      G
               +--------+--------+--------+--------+--------+-----+--------+
         Total |     38 |     38 |      0 |      0 |      0 |   1 |   38.0 |
       Dungeon |     38 |     38 |      0 |      0 |      0 |   1 |   38.0 |
               +--------+--------+--------+--------+--------+-----+--------+

Top non-repeatable levels by time:
       D: 38 daAuts
